 Dungeon Crawl Stone Soup version 0.28.0-45-g0d030f2227 (webtiles) character file.

Game seed: 12234371318701271668

274 Bruhh the Magician (level 6, -1/46 HPs)
             Began as a Djinni Cinder Acolyte on Apr 24, 2022.
             Was a High Priest of Ignis.
             Slain by an adder (3 damage)
             ... on level 4 of the Dungeon.
             The game lasted 00:08:24 (4992 turns).

Bruhh the Magician (Djinni Cinder Acolyte)          Turns: 4992, Time: 00:08:25

Health: -1/46      AC:  5    Str: 13    XL:     6   Next: 49%
Gold:   202        EV: 10    Int: 18    God:    Ignis [*****.] SH:  0 Dex:  8

rFire   + + +      SeeInvis .   a - -1 falchion (flame)
rCold   . . .      Faith    .   (no shield)
rNeg    . . .      Spirit   .   m - +2 leather armour of Crawling {rPois rF+ rC+}
rPois   ∞          Reflect  .   (no helmet)
rElec   .          Harm     .   (no cloak)
rCorr   .          Rampage  .   (no gloves)
Will    .....                   (boots unavailable)
Stlth   +.........              (no amulet)
HPRegen 0.15/turn               (no ring)
MPRegen 0.00/turn               (no ring)

@: flying
A: sickness immunity, fire resistance 2, cold vulnerability 1, float, innate
caster, HP casting, extra vitality 1
a: Renounce Religion, Fiery Armour, Foxfire Swarm, Rising Flame


You were on level 4 of the Dungeon.
You worshipped Ignis.
Ignis was extremely pleased with you.
You visited 1 branch of the dungeon, and saw 4 of its levels.

You collected 202 gold pieces.

Inventory:

Hand Weapons
 a - a -1 falchion of flaming (weapon)
Armour
 b - a +0 robe
 m - the +2 leather armour of Crawling (worn) {rPois rF+ rC+}
   (You found it on level 3 of the Dungeon)

   rF:        It protects you from fire.
   rC:        It protects you from cold.
   rPois:     It protects you from poison.
Scrolls
 c - 2 scrolls of vulnerability {unknown}
 e - 2 scrolls of identify {unknown}
 f - a scroll of immolation {unknown}
 g - 4 scrolls of fear {unknown}
 i - a scroll of noise {unknown}
 j - 2 scrolls of magic mapping {unknown}
 l - a scroll of teleportation {unknown}
 o - a scroll of acquirement {unknown}
Potions
 d - 4 potions of curing {unknown}
 h - 5 potions of might {unknown}
 k - a potion of brilliance {unknown}
 n - a potion of cancellation {unknown}
 p - a potion of resistance {unknown}


   Skills:
 - Level 3.0 Fighting
 - Level 2.6 Long Blades
 + Level 5.2 Spellcasting


You had 10 spell levels left.
You knew the following spells:

 Your Spells              Type           Power      Damage    Failure   Level
a - Scorch                Fire           46%        2d7       2%          2
b - Magic Dart            Conj           92%        1d7       1%          1
c - Static Discharge      Conj/Air       23%        N/A       2%          2
Your spell library was empty.

Dungeon Overview and Level Annotations

Branches:
Dungeon (4/15)
 Temple: D:4-7

Altars:
Dithmenos


Innate Abilities, Weirdness & Mutations

You are immune to sickness and miasma.
You are immune to poison.
Your flesh is very heat resistant. (rF++)
You are vulnerable to cold. (rC-)
You float through the air rather than walking.
You learn spells naturally, not from books.
Your magical power is your life essence.
You have superior vitality. (+4 MHP)


Message History

You now have 202 gold pieces (gained 9).
Found an embroidered cloak.
A wyvern zombie comes into view.
A wyvern zombie is nearby!
A wyvern zombie is nearby!
Flames lash the wyvern zombie.
The wyvern zombie is moderately damaged.
The wyvern zombie's fire resistance burns away.
You hear an angry hiss.
An adder comes into view.
The wyvern zombie barely misses you.
Flames lash the wyvern zombie.
The wyvern zombie is moderately damaged.
The wyvern zombie bites you!
Flames lash the wyvern zombie.
The wyvern zombie is burned terribly!
The wyvern zombie is severely damaged.
The wyvern zombie bites you! x2
* * * LOW HITPOINT WARNING * * *
You are too injured to fight recklessly!
You are too injured to fight recklessly!
The wyvern zombie completely misses you.
The wyvern zombie bites you!
* * * LOW HITPOINT WARNING * * *
Casting: Scorch (safe; 2% risk of failure)
Confirm with . or Enter, or press ? or * to list all spells.
Flames lash the adder.
The adder is heavily wounded.
The adder's fire resistance burns away.
* * * LOW HITPOINT WARNING * * *
Unknown command.
The adder bites you but does no damage.
The adder is no longer more vulnerable to fire.
Activating: Foxfire Swarm
Press: ? - help, Dir - look around, f - activate Flames leap up around you!
The adder barely misses you.
The foxfire hits the wyvern zombie.
The wyvern zombie is severely damaged.
Your foxfire dissipates!
The adder bites you.
You die...

##.......##
##..#
###.#.
##.....##
####.##
###.
##...##
#.....# #.
##+#
#.....#
####. #
#.....#
#.... #.
#.....#
#.###
#.##.#
#....[# #.#
......###
###v### #.#
...S..S.#
#@# #.###
#.# #S#
#....
##.######Z#
#####
#.........#
##.########
###


You could see an adder (ally target) and a wyvern zombie (combustible).

Vanquished Creatures
  A phantom (D:4)
  An iguana (D:4)
  A gnoll (D:1)
  6 adders
  A river rat (D:4)
  3 worms
  2 orcs
  7 ball pythons
  5 bats
  13 endoplasms
  6 giant cockroaches
  4 goblins
  7 hobgoblins
  2 jackals (D:2)
  4 quokkas
  4 frilled lizards
  5 kobolds
  16 rats
88 creatures vanquished.

Vanquished Creatures (others)
  8 plants (D:1)
8 creatures vanquished.

Grand Total: 96 creatures vanquished

Notes
Turn   | Place    | Note
-------+----------+-------------------------------------------
     0 | D:1      | Bruhh the Djinni Cinder Acolyte began the quest for the
                  | Orb.
     0 | D:1      | Reached XP level 1. HP: 20/20 MP: 0/0
     6 | D:1      | Noticed an anaconda
     6 | D:1      | Noticed an iguana
     7 | D:1      | Noticed a lindwurm
     7 | D:1      | Noticed a swamp drake
   207 | D:1      | Reached XP level 2. HP: 23/25 MP: 0/0
   257 | D:1      | Found a faded altar of an unknown god.
   418 | D:1      | Reached skill level 3 in Spellcasting
   693 | D:1      | Reached XP level 3. HP: 4/30 MP: 0/0
   693 | D:1      | Learned a level 1 spell: Magic Dart
  1396 | D:2      | Reached XP level 4. HP: 30/35 MP: 0/0
  1873 | D:2      | Found a shadowy altar of Dithmenos.
  1978 | D:2      | Reached skill level 4 in Spellcasting
  2318 | D:2      | Reached XP level 5. HP: 29/40 MP: 0/0
  2318 | D:2      | Learned a level 2 spell: Static Discharge
  3221 | D:3      | Identified the +2 leather armour of Crawling {rPois rF+
                  | rC+}
  4233 | D:4      | Noticed a phantom
  4246 | D:4      | Killed a phantom
  4247 | D:4      | Reached skill level 5 in Spellcasting
  4247 | D:4      | Reached XP level 6. HP: 13/46 MP: 0/0
  4566 | D:4      | Found a glowing drain.
  4992 | D:4      | Slain by an adder

Illustrated notes

Levels and vault maps discovered:
D:1:      onia_arrival_zoo_common, layout_loops_ring,
          chequers_ecumenical_altar_island, serial_bayou_lagoon_a,
          dk_noncrumbling_2, minmay_rat_gold_closets
D:2:      minmay_thinvault, layout_rooms, basic_altar,
          hangedman_abyss_or_decor_stabs
D:3:      layout_basic
D:4:      layout_loops_corners, portal_sewer_entry_a

Skill      XL: |  1  2  3  4  5 |
---------------+----------------+-----
Spellcasting   | 3 4 5 |  5.2
Fighting       | |  3.0
Long Blades    | |  2.6

Action                   |  1- 3 |  4- 6 || total
-------------------------+-------+-------++-------
Melee: Falchion          |    46 |     2 ||    48
 Cast: Scorch            |    14 |    83 ||    97
Invok: Foxfire Swarm     |       |     1 ||     1
Armor: Robe              |    19 |     2 ||    21
       Leather armour    |       |     8 ||     8
Dodge: Dodged            |    22 |    16 ||    38
